 Dungeon Crawl Stone Soup version 0.28.0-43-g3370ac3207 (webtiles) character file.

Game seed: 11033022924947343007

583 Peloso the Covered (level 7, 0/61 HPs)
             Began as a Minotaur Fighter on Mar 17, 2022.
             Slain by an ogre
             ... wielding a +0 giant club
              (25 damage)
             ... on level 4 of the Dungeon.
             The game lasted 00:04:57 (3508 turns).

Peloso the Covered (Minotaur Fighter)               Turns: 3508, Time: 00:04:58

Health: 0/61       AC: 12    Str: 20    XL:     7   Next: 14%
Magic:  6/6        EV:  7    Int:  5    God:
Gold:   140        SH:  5    Dex: 12    Spells: 6/6 levels left

rFire   . . .      SeeInvis .   a - +1 long sword
rCold   . . .      Faith    .   c - +0 buckler
rNeg    . . .      Spirit   .   f - +0 chain mail
rPois   .          Reflect  .   (helmet restricted)
rElec   .          Harm     .   d - +1 cloak {Will+}
rCorr   .          Rampage  .   (no gloves)
Will    +....                   (no boots)
Stlth   ..........              (no amulet)
HPRegen 0.20/turn               (no ring)
MPRegen 0.10/turn               (no ring)

@: no status effects
A: horns 2, retaliatory headbutt
a: no special abilities


You were on level 4 of the Dungeon.
You visited 1 branch of the dungeon, and saw 4 of its levels.

You collected 140 gold pieces.

Inventory:

Hand Weapons
 a - a +1 long sword (weapon)
Armour
 b - a +0 scale mail
 c - a +0 buckler (worn)
 d - a +1 cloak of willpower (worn)
 f - a +0 chain mail (worn)
 h - a scarf of shadows
Jewellery
 i - a ring of magical power
Scrolls
 e - a scroll of noise {unknown}
 g - a scroll of enchant weapon
 j - a scroll of blinking
Potions
 k - a potion of curing


   Skills:
 + Level 5.3 Fighting
 + Level 5.4 Long Blades
 + Level 6.4 Armour
 + Level 0.9 Dodging
 + Level 0.5 Stealth
 + Level 5.1 Shields


You had 6 spell levels left.
You didn't know any spells.
Your spell library was empty.

Dungeon Overview and Level Annotations

Branches:
Dungeon (4/15)
 Temple: D:4-7

Altars:
Cheibriados
Dithmenos

Shops:
D:2 *


Innate Abilities, Weirdness & Mutations

You have a pair of horns on your head.
You reflexively headbutt those who attack you in melee.


Message History

You have reached level 7!
You feel better. Dowan hits you with a +0 dagger.
* * * LOW HITPOINT WARNING * * *
Unknown command.
You slash Dowan!
Dowan is severely wounded.
Dowan zaps a wand.
The puff of flame hits you.
* * * LOW HITPOINT WARNING * * *
The now-empty wand crumbles to dust.
Dowan says, "Her death will not be in vain!"
Dowan hits you but does no damage.
You hit Dowan. Your headbutt misses Dowan.
Dowan is severely wounded.
Dowan barely misses you. You furiously retaliate!
You headbutt Dowan!
You kill Dowan!
Unknown command.
The ogre shouts!
You climb upwards.
There is a stone staircase leading down here.
You start resting.
HP restored.
You climb downwards.
There is a stone staircase leading up here.
Things that are here:
a +0 robe; a +0 dagger; the elf skeleton of Dowan
Things that are here:
a +0 ring mail; a +0 short sword; the elf skeleton of Duvessa
Things that are here:
a +0 club; a goblin skeleton
There is a stone staircase leading up here.
You slash the ogre! You headbutt the ogre.
The ogre is severely wounded.
The ogre hits you with a +0 giant club!!
You slash the ogre!
The ogre is almost dead.
The ogre hits you with a +0 giant club!
You hit the ogre.
The ogre is almost dead.
The ogre hits you with a +0 giant club!!
You die...

#..♣... . ..P.... ###.
.. ..P... ... #.. .PP.#
..## #.P♣♣♣♣..# #...#.#
#...♣PP..##O.#...#
...P.....@......♣ .
#..#.[<.####.♣P .. ##
##...[)......♣
#.##..####..#..######.♣
..............##
##...###.#.####
...........#
..........####
.............#


You could see an ogre.

Vanquished Creatures
  Sigmund (D:2)
  Duvessa (D:4)
  A centaur (D:3)
  Dowan (D:4)
  A bullfrog zombie (D:3)
  A hound (D:3)
  An iron imp (D:3)
  Crazy Yiuf (D:2)
  Jessica (D:2)
  An adder (D:3)
  2 dart slugs
  5 ball pythons
  4 bats
  3 endoplasms
  A giant cockroach (D:2)
  5 goblins
  3 hobgoblins
  6 jackals (D:2)
  3 kobolds
  A quokka (D:2)
  6 frilled lizards
  2 rats
51 creatures vanquished.

Vanquished Creatures (others)
  6 plants (D:1)
  8 withered plants (D:1)
14 creatures vanquished.

Grand Total: 65 creatures vanquished

Notes
Turn   | Place    | Note
-------+----------+-------------------------------------------
     0 | D:1      | Peloso the Minotaur Fighter began the quest for the Orb.
     0 | D:1      | Reached XP level 1. HP: 19/19 MP: 0/0
   446 | D:1      | Reached XP level 2. HP: 27/27 MP: 1/1
   465 | D:1      | Found a faded altar of an unknown god.
   715 | D:2      | Found a runed translucent door.
   716 | D:2      | Noticed Crazy Yiuf
   874 | D:2      | Found Sauxu's Assorted Antiques.
  1148 | D:2      | Noticed Sigmund
  1164 | D:2      | Killed Sigmund
  1165 | D:2      | Reached skill level 4 in Armour
  1165 | D:2      | Reached XP level 3. HP: 22/35 MP: 2/2
  1165 | D:2      | Reached XP level 4. HP: 26/41 MP: 3/3
  1165 | D:2      | Reached XP level 5. HP: 30/47 MP: 4/4
  1340 | D:2      | Reached skill level 5 in Armour
  1413 | D:2      | Noticed Jessica
  1419 | D:2      | Killed Jessica
  1812 | D:2      | Killed Crazy Yiuf
  1813 | D:2      | Reached skill level 5 in Fighting
  2035 | D:3      | Identified the +0 leather armour of the Original Sin {Int+6
                  | Dex-4}
  2052 | D:3      | Reached XP level 6. HP: 56/56 MP: 5/5
  2761 | D:3      | Found a snail-covered altar of Cheibriados.
  2873 | D:3      | Found a shadowy altar of Dithmenos.
  3053 | D:4      | Noticed Duvessa
  3053 | D:4      | Noticed Dowan
  3124 | D:3      | Reached skill level 5 in Long Blades
  3124 | D:3      | Reached skill level 6 in Armour
  3235 | D:4      | Killed Duvessa
  3236 | D:4      | Reached skill level 5 in Shields
  3236 | D:4      | Reached XP level 7. HP: 8/61 MP: 6/6
  3238 | D:4      | Killed Dowan
  3508 | D:4      | Slain by an ogre

Illustrated notes

Levels and vault maps discovered:
D:1:      psy_arrival_radial02, layout_rooms,
          shapermc_ecumenical_altar_flowoftime
D:2:      layout_basic, serial_shops, shop, uniq_sigmund, uniq_jessica,
          uniq_crazy_yiuf_cottage
D:3:      layout_basic, grunt_dithmenos_smoke, slow_altar_1
D:4:      layout_rooms, mainiacjoe_overflow_catwalk,
          mainiacjoe_overflow_six_doors_small, minmay_temple_entry_nine_rooms,
          serial_forest, infiniplex_forest_end_double, infiniplex_forest_split,
          infiniplex_forest_lined_room_2, infiniplex_forest_clump_double,
          infiniplex_forest_clump_long, infiniplex_forest_straight_1,
          infiniplex_forest_end_3, infiniplex_forest_lined_2,
          infiniplex_forest_lined_room_, uniq_duvessa

Skill      XL: |  1  2  3  4  5  6 |
---------------+-------------------+-----
Shields        | 4 5 |  5.1
Fighting       | 4 5 |  5.3
Long Blades    | 4 5 |  5.4
Armour         | 4 5 6 |  6.4
Dodging        | |  0.9
Stealth        | |  0.5

Action                   |  1- 3 |  4- 6 |  7- 9 || total
-------------------------+-------+-------+-------++-------
Melee: Long sword        |    58 |    82 |     5 ||   145
       Headbutt          |    11 |    19 |     1 ||    31
  Use: Scroll            |     3 |       |       ||     3
       Potion            |     1 |     1 |     1 ||     3
Armor: Chain mail        |    33 |    44 |     1 ||    78
       Scale mail        |     2 |       |       ||     2
Dodge: Dodged            |    13 |    29 |     1 ||    43
Block: Buckler           |    12 |    31 |       ||    43
